 Dungeon Crawl Stone Soup version 0.29-a0-284-gf9362112df (webtiles) character file.

Game seed: 925488825726723608

150 sammy202020 the Skirmisher (level 5, -11/34 HPs)
             Began as a Gargoyle Berserker on Mar 18, 2022.
             Was a Believer of Trog.
             Killed from afar by a gnoll (16 damage)
             ... with a bolt of acid
             ... on level 3 of the Dungeon.
             The game lasted 00:04:15 (2738 turns).

sammy202020 the Skirmisher (Gargoyle Berserker)     Turns: 2738, Time: 00:04:15

Health: -11/34     AC: 19    Str: 21    XL:     5   Next: 32%
Magic:  5/5        EV:  6    Int:  9    God:    Trog [**....]
Gold:   173        SH:  0    Dex:  9    Spells: 4/4 levels left

rFire   . . .      SeeInvis .   b - +0 flail
rCold   . . .      Faith    .   (no shield)
rNeg    + . .      Spirit   .   h - +0 plate armour
rPois   ∞          Reflect  .   (no helmet)
rElec   +          Harm     .   (no cloak)
rCorr   .          Rampage  .   (no gloves)
Will    ++...                   (no boots)
Stlth   ..........              (no amulet)
HPRegen 1.11/turn               f - +4 ring of protection
MPRegen 0.09/turn               (no ring)

@: strong-willed, regenerating
A: sickness immunity, AC +4, negative energy resistance 1, electricity
resistance, torment resistance 1, petrification resistance
a: Renounce Religion, Berserk, Trog's Hand


You were on level 3 of the Dungeon.
You worshipped Trog.
Trog was pleased with you.
You visited 1 branch of the dungeon, and saw 3 of its levels.

You collected 173 gold pieces.

Inventory:

Hand Weapons
 a - a +0 mace
 b - a +0 flail (weapon)
Missiles
 i - 4 poisoned darts
 j - 6 javelins (quivered)
Armour
 h - a +0 plate armour (worn)
Jewellery
 f - a +4 ring of protection (left hand)
Scrolls
 d - a scroll of immolation
 e - a scroll of amnesia {unknown}
Potions
 g - 2 potions of curing {unknown}


   Skills:
 * Level 4.4 Fighting
 * Level 3.9 Maces & Flails
 * Level 3.5 Armour
 + Level 2.2 Dodging


You had 4 spell levels left.
You didn't know any spells.
Your spell library was empty.

Dungeon Overview and Level Annotations

Branches:
Dungeon (3/15)

Altars:

Shops:
D:1 *

Annotations:
D:3 1 transporter, LobsterGuardian's ghost, amateur DsGl


Innate Abilities, Weirdness & Mutations

You are immune to sickness and miasma.
Your stone body is resilient. (AC +4)
You are immune to poison.
You resist negative energy. (rN+)
You are resistant to electric shocks. (rElec)
You are resistant to unholy torment.
You are immune to petrification.


Message History

You hear a shout!
Found a manual of Invocations.
LobsterGuardian's ghost turns its malevolent gaze towards you.
The gnoll shouts!
Something hits the plant!
Press: ? - help, v - describe, . - travel
Here: LobsterGuardian's ghost (fire blocked by a translucent stone wall)
The floor.
There is a transporter here.
You enter the transporter and appear at another place.
The gnoll shouts!
The gnoll hits you but does no damage. x2
The gnoll attacks as you move away!
The gnoll hits you with a +1 flail of holy wrath.
A gnoll comes into view.
It is wielding a +0 whip and carrying a wand of acid (9).
The gnoll shouts!
The gnoll hits you but does no damage.
The gnoll hits something with a +0 vampiric halberd.
There is an open translucent door here.
The gnoll attacks as you move away! The gnoll closely misses you.
The gnoll attacks as you move away! The gnoll hits you but does no damage.
The gnoll hits you with a +0 vampiric halberd.
A nearby plant withers and dies.
The gnoll hits you with a +0 whip. The gnoll closely misses you.
The gnoll attacks as you move away! The gnoll hits you with a +0 whip.
The gnoll hits you but does no damage. The gnoll closely misses you.
The gnoll attacks as you move away!
The gnoll hits you but does no damage. x3
You hit the gnoll.
The gnoll is moderately wounded.
The gnoll zaps a wand.
The bolt of acid hits you! The gnoll attacks as you move away!
The gnoll hits you but does no damage.
Your skin crawls.
You feel strong-willed. The gnoll hits you with a +0 whip.
The gnoll hits you with a +1 flail of holy wrath!
* * * LOW HITPOINT WARNING * * *
The gnoll hits you but does no damage.
It was a potion of magic.
Magic courses through your body.
The gnoll zaps a wand.
The bolt of acid hits you!
You die...

........#.#8⌠8#.#..≈≈...
.......©#.'.©.'.#©.≈≈...
........#.#P..#.#..≈≈...
....≈≈.##.##.##.##.≈≈...
....≈≈.#..#...#..#.≈≈...
....≈≈.##.'..ggg##.≈≈...
..†.≈≈..#.#..g#g#..≈≈...
###.≈≈###.##'##g###≈≈...
#.≈≈#........g@.#≈≈...
#.≈≈#..###.###..# ≈..# #
#.≈≈#g.#8# #..# ..# #
#.≈≈####. ####≈ . #
#.≈≈≈≈≈≈≈ ≈ ≈≈≈ #
#.≈≈≈≈≈≈≈ ≈≈ ≈≈≈..
###........ .. ....
........... ... ....
.##########


You could see 7 gnolls.

Vanquished Creatures
  An iguana (D:3)
  An orc wizard (D:3)
  5 adders
  2 worms
  2 dart slugs (D:1)
  3 orcs (D:3)
  2 ball pythons
  2 bats (D:1)
  4 endoplasms
  4 hobgoblins (D:1)
  2 jackals (D:1)
  5 kobolds
  A quokka (D:3)
  2 frilled lizards (D:1)
  4 goblins
  4 rats
44 creatures vanquished.

Vanquished Creatures (others)
  5 plants (D:3)
5 creatures vanquished.

Grand Total: 49 creatures vanquished

Notes
Turn   | Place    | Note
-------+----------+-------------------------------------------
     0 | D:1      | sammy202020 the Gargoyle Berserker began the quest for the
                  | Orb.
     0 | D:1      | Reached XP level 1. HP: 14/14 MP: 1/1
   341 | D:1      | Reached XP level 2. HP: 19/19 MP: 2/2
   431 | D:1      | Found Guythe's General Store.
   848 | D:1      | Reached XP level 3. HP: 24/24 MP: 3/3
   855 | D:1      | Found a faded altar of an unknown god.
  2006 | D:3      | Reached skill level 4 in Fighting
  2006 | D:3      | Reached XP level 4. HP: 29/29 MP: 4/4
  2381 | D:3      | Reached ** piety under Trog
  2382 | D:3      | Reached XP level 5. HP: 17/34 MP: 5/5
  2704 | D:3      | Found a transporter.
  2712 | D:3      | Found a transporter.
  2718 | D:3      | Noticed LobsterGuardian's ghost (amateur DsGl)
  2718 | D:3      | Identified the +1 halberd of Geshraal {venom, rC+ Int+3
                  | SInv}
  2738 | D:3      | Killed from afar by a gnoll

Illustrated notes

Levels and vault maps discovered:
D:1:      minmay_arrival_stair_chambers, layout_basic, serial_shops, shop,
          hellmonk_ecumenical_altar_lost_god, corexii_item_surrounded_by_moat
D:2:      layout_loops_cross
D:3:      layout_basic, gammafunk_ghost_gnarly_gnolls, nrook_mini_vaults,
          chequers_mini_garden, hangedman_decor_clover_reticule

Skill      XL: |  1  2  3 |
---------------+----------+-----
Armour         | 3 |  3.5
Dodging        | 2 |  2.2
Fighting       | 4 |  4.4
Maces & Flails | |  3.9

Action                   |  1- 3 |  4- 6 || total
-------------------------+-------+-------++-------
Melee: Flail             |    96 |    53 ||   149
       Mace              |     2 |       ||     2
Invok: Berserk           |       |     2 ||     2
       Trog's Hand       |       |     1 ||     1
  Use: Scroll            |     2 |       ||     2
       Potion            |       |     1 ||     1
Armor: Leather armour    |    29 |       ||    29
       Plate armour      |    37 |    47 ||    84
Dodge: Dodged            |    55 |    19 ||    74

Table legend: (Time is in decaauts)
 A = Elapsed time spent in this place.
 B = Non-inter-level travel time spent in this place.
 C = Inter-level travel time spent in this place.
 D = Time resting spent in this place.
 E = Time spent auto-exploring this place.
 F = Levels seen in this place.
 G = Mean time per level.
                   A        B        C        D        E       F      G
               +--------+--------+--------+--------+--------+-----+--------+
         Total |   2788 |   2772 |     16 |    193 |   2071 |   3 |  929.3 |
       Dungeon |   2788 |   2772 |     16 |    193 |   2071 |   3 |  929.3 |
               +--------+--------+--------+--------+--------+-----+--------+

Top non-repeatable levels by time:
     D:1: 1022 daAuts
     D:2: 968 daAuts
     D:3: 797 daAuts
